 Dungeon Crawl Stone Soup version 0.31.0-9-g3a7656b989 (webtiles) character file.

Game seed: 2846768362312146014

741 qw the Skirmisher (level 7, -5/41 HPs)
             Began as a Deep Elf Hunter on Feb 2, 2024.
             Incinerated by a bombardier beetle (6 damage)
             ... with a burning spray
             ... on level 4 of the Dungeon.
             The game lasted 00:00:13 (2366 turns).

qw the Skirmisher (Deep Elf Hunter)                 Turns: 2366, Time: 00:00:13

Health: -5/41      AC:  6    Str: 10    XL:     7   Next: 47%
Magic:  9/9        EV: 13    Int: 14    God:
Gold:   236        SH:  0    Dex: 24    Spells: 6/6 levels left

rFire   . . .        a - +0 shortbow (drain)
rCold   . . .        (shield currently unavailable)
rNeg    . . .        f - +1 ring mail
rPois   .            (no helmet)
rElec   .            (no cloak)
rCorr   .            (no gloves)
SInv    .            (no boots)
Will    .....        g - amulet of faith
Stlth   +            h - +6 ring of dexterity
HPRegen 0.26/turn    (no ring)
MPRegen 0.11/turn

%: faith
@: on fire, glowing
A: no striking features
a: no special abilities


You were on level 4 of the Dungeon.
You visited 1 branch of the dungeon, and saw 4 of its levels.

You collected 236 gold pieces.


   Skills:
 - Level 3.4 Fighting
 + Level 10.1 Ranged Weapons
 - Level 4.5 Dodging
 - Level 1.2 Stealth


You had 6 spell levels left.
You didn't know any spells.
Your spell library was empty.

Inventory:

Hand Weapons
 a - a +0 shortbow of draining (weapon)
Armour
 f - a +1 ring mail (worn)
Jewellery
 g - an amulet of faith (around neck)
 h - a +6 ring of dexterity (left hand)
Wands
 d - a wand of roots (11)
Scrolls
 k - a scroll of teleportation
Potions
 b - a potion of might
 c - a potion of cancellation
 e - a potion of invisibility {unknown}
 i - a potion of haste {unknown}
 j - a potion of mutation {unknown}

Dungeon Overview and Level Annotations

Branches:
Dungeon (4/15)
 Temple: D:4-7

Altars:
Hepliaklqana

Annotations:
D:1 1 runed translucent door


Message History

The burning spray hits you.
You are covered in liquid fire!
You shoot an arrow.
The arrow hits the bombardier beetle but does no damage.
You drain the bombardier beetle.
The bombardier beetle is moderately wounded.
The liquid fire burns you!
You shoot an arrow.
The arrow hits the bombardier beetle but does no damage.
You drain the bombardier beetle.
The bombardier beetle is heavily wounded.
The liquid fire burns you!
You shoot an arrow. The arrow hits the bombardier beetle!
The bombardier beetle is almost dead.
The liquid fire burns you!
The bombardier beetle sprays incendiary fluid at you.
The burning spray hits you.
You are even more covered in liquid fire!
You shoot an arrow. The arrow hits the bombardier beetle.
You kill the bombardier beetle!
The liquid fire burns you!
You are on fire!
The liquid fire burns you!
You are on fire!
The liquid fire burns you!
You are on fire!
The liquid fire burns you!
You are on fire!
The liquid fire burns you!
You are on fire!
The liquid fire burns you!
You are on fire!
The liquid fire burns you!
You are on fire!
The liquid fire burns you!
You are on fire!
The liquid fire burns you!
You are on fire!
The liquid fire burns you!
You die...

.# ##...............
.#
#..................#
..
#......######......#
.# #......# ......#
.# #......# ......#
.. #......# .%..$.#
.. #......# ......#
#......######$.....#
#...........@......#
##................##
##..............##
##.......%....##
##..........##
##........##
####++####


There were no monsters in sight!

Vanquished Creatures
  Grinder (D:3)
  Sigmund (D:3)
  An ogre (D:4)
  A bombardier beetle (D:4)
  A hound (D:4)
  Jessica (D:3)
  Terence (D:2)
  Natasha (thrice) (D:3)
  3 adders
  A ribbon worm (D:3)
  3 orcs
  2 bats
  13 giant cockroaches
  6 goblins
  8 hobgoblins
  8 jackals
  9 kobolds
  5 quokkas
  2 ball pythons (D:3)
  2 rats (D:3)
72 creatures vanquished.

Notes
Turn   | Place    | Note
-------+----------+-------------------------------------------
     0 | D:1      | qw the Deep Elf Hunter began the quest for the Orb.
     0 | D:1      | Reached XP level 1. HP: 12/12 MP: 3/3
     0 | D:1      | 0 ||| qw: Version: 0.3-a-155-g5e7d8dd
     0 | D:1      | 0 ||| qw: Game counter: 1841
     0 | D:1      | 0 ||| qw: Melee chars always use a shield: true
     0 | D:1      | 0 ||| qw: God list: Okawaru
     0 | D:1      | 0 ||| qw: Allow faded altars: false
     0 | D:1      | 0 ||| qw: Do Orc after clearing Dungeon:15 true
     0 | D:1      | 0 ||| qw: Do second Lair branch before Depths: true
     0 | D:1      | 0 ||| qw: Lair rune preference: random
     0 | D:1      | 0 ||| qw: Goals: Normal
     0 | D:1      | 0 ||| PLANNING D:1-11
     1 | D:1      | Found a runed translucent door.
   112 | D:1      | Reached XP level 2. HP: 16/16 MP: 4/4
   285 | D:1      | Reached skill level 6 in Ranged Weapons
   415 | D:1      | 415 ||| UPGRADING to +0 ring mail.
   425 | D:1      | 425 ||| DROPPING +0 leather armour.
   426 | D:1      | 426 ||| UPGRADING to amulet of faith.
   431 | D:1      | 431 ||| READING scroll labelled DAUPSUSHREMP.
   431 | D:1      | 431 ||| BRANDING +0 shortbow.
   432 | D:1      | 432 ||| READING scroll labelled JUEN FAIXIAZA.
   433 | D:1      | 433 ||| DROPPING scroll of butterflies.
   512 | D:2      | Noticed Terence
   523 | D:2      | Killed Terence
   524 | D:2      | Reached skill level 7 in Ranged Weapons
   524 | D:2      | Reached XP level 3. HP: 7/20 MP: 5/5
   538 | D:2      | 538 ||| FLEEEEING.
   880 | D:2      | Reached XP level 4. HP: 12/25 MP: 6/6
   947 | D:2      | 947 ||| UPGRADING to +6 ring of dexterity.
   948 | D:2      | 948 ||| READING 2 scrolls labelled MEK ZOLIMYOSH.
   949 | D:2      | 949 ||| READING scroll labelled EMYRE IF PUU.
   949 | D:2      | 949 ||| IDENTIFYING pink potion
   950 | D:2      | 950 ||| READING scroll labelled AMMIRA XYCYK.
   950 | D:2      | 950 ||| ENCHANTING +0 ring mail.
   951 | D:2      | 951 ||| READING scroll labelled WEUSMU NIGG.
  1052 | D:2      | 1052 ||| DRINKING 2 dark potions.
  1053 | D:2      | 1053 ||| DROPPING potion of lignification.
  1054 | D:2      | 1054 ||| DROPPING scroll of amnesia.
  1123 | D:3      | Noticed Sigmund
  1127 | D:3      | 1127 ||| DRINKING potion of curing.
  1127 | D:3      | 1127 ||| (to cure confusion)
  1129 | D:3      | Killed Sigmund
  1130 | D:3      | Reached skill level 9 in Ranged Weapons
  1130 | D:3      | Reached XP level 5. HP: 24/29 MP: 7/7
  1141 | D:3      | 1141 ||| FLEEEEING.
  1206 | D:3      | Noticed Jessica
  1207 | D:3      | Killed Jessica
  1208 | D:3      | Reached skill level 3 in Dodging
  1208 | D:3      | Reached XP level 6. HP: 34/34 MP: 8/8
  1278 | D:3      | Noticed Grinder
  1279 | D:3      | Paralysed by Grinder for 4 turns
  1293 | D:3      | Paralysed by Grinder for 4 turns
  1297 | D:3      | 1297 ||| FLEEEEING.
  1298 | D:3      | 1298 ||| FLEEEEING.
  1299 | D:3      | 1299 ||| FLEEEEING.
  1300 | D:3      | 1300 ||| FLEEEEING.
  1300 | D:3      | Paralysed by Grinder for 2 turns
  1302 | D:3      | 1302 ||| FLEEEEING.
  1303 | D:3      | 1303 ||| FLEEEEING.
  1304 | D:3      | 1304 ||| FLEEEEING.
  1307 | D:3      | 1307 ||| FLEEEEING.
  1309 | D:3      | 1309 ||| FLEEEEING.
  1310 | D:3      | 1310 ||| FLEEEEING.
  1311 | D:3      | 1311 ||| FLEEEEING.
  1312 | D:3      | 1312 ||| FLEEEEING.
  1313 | D:3      | 1313 ||| FLEEEEING.
  1314 | D:3      | 1314 ||| FLEEEEING.
  1315 | D:3      | 1315 ||| FLEEEEING.
  1316 | D:3      | 1316 ||| FLEEEEING.
  1317 | D:3      | 1317 ||| FLEEEEING.
  1318 | D:3      | 1318 ||| FLEEEEING.
  1319 | D:3      | 1319 ||| FLEEEEING.
  1320 | D:3      | 1320 ||| STAIRDANCE
  1345 | D:2      | 1345 ||| READING scroll labelled NAHEFI LU FUTUBBO.
  1346 | D:2      | 1346 ||| READING scroll labelled GUOWUPNU IDEKK.
  1375 | D:3      | Paralysed by Grinder for 4 turns
  1382 | D:3      | Paralysed by Grinder for 5 turns
  1387 | D:3      | Killed Grinder
  1388 | D:3      | Reached skill level 3 in Fighting
  1698 | D:3      | Noticed Natasha
  1699 | D:3      | Killed Natasha
  1700 | D:3      | Reached XP level 7. HP: 41/41 MP: 9/9
  1732 | D:3      | Noticed Natasha
  1736 | D:3      | Killed Natasha
  1926 | D:3      | Found a hazy altar of Hepliaklqana.
  2067 | D:3      | Noticed Natasha
  2069 | D:3      | 2069 ||| FLEEEEING.
  2070 | D:3      | 2070 ||| FLEEEEING.
  2071 | D:3      | 2071 ||| FLEEEEING.
  2072 | D:3      | 2072 ||| FLEEEEING.
  2073 | D:3      | 2073 ||| FLEEEEING.
  2074 | D:3      | 2074 ||| FLEEEEING.
  2079 | D:3      | Killed Natasha
  2143 | D:3      | 2143 ||| READING 2 scrolls of identify.
  2143 | D:3      | 2143 ||| IDENTIFYING murky ruby potion
  2144 | D:3      | 2144 ||| READING scroll of identify.
  2144 | D:3      | 2144 ||| IDENTIFYING sapphire potion
  2211 | D:4      | Reached skill level 10 in Ranged Weapons
  2363 | D:4      | HP: 10/41 [burnt (3)]
  2364 | D:4      | HP: 4/41 [burnt (6)]
  2365 | D:4      | HP: 1/41 [burnt (4)]
  2366 | D:4      | Incinerated by a bombardier beetle

Levels and vault maps discovered:
D:1:      dpeg_arrival_caged_fury, layout_basic
D:2:      minmay_roachtagon, layout_rooms, minmay_gold_behind_fungi,
          uniq_terence
D:3:      minmay_bubble_buster, layout_basic, mainiacjoe_overflow_brackets,
          amcnicky_mini_corridor_feature, uniq_natasha, uniq_jessica,
          uniq_grinder, uniq_sigmund
D:4:      layout_rooms, kennysheep_big_empty_room, minmay_box_of_dots

Skill      XL: |  1  2  3  4  5  6  7 |
---------------+----------------------+-----
Ranged Weapons | 7 9 10 | 10.1
Dodging        | 3 4 |  4.5
Fighting       | 3 |  3.4
Stealth        | |  1.2

Action                     |  1- 3 |  4- 6 |  7- 9 || total
---------------------------+-------+-------+-------++-------
   Fire: Shortbow          |    97 |    67 |    52 ||   216
    Use: Scroll            |     2 |     6 |     2 ||    10
         Potion            |       |     2 |       ||     2
 Armour: Leather armour    |     2 |       |       ||     2
         Ring mail         |    62 |    12 |     2 ||    76
  Dodge: Dodged            |    40 |    10 |     3 ||    53

Table legend:
 A = Non-vault XP
 B = Vault XP
 C = Vault XP percentage of total XP
 D = Non-vault monster count
 E = Vault monster count
 F = Vault count percentage of total count
                 A         B        C        D         E       F
            +---------+---------+-------+---------+---------+-------
      Total |     391 |     668 |  63.1 |      47 |      25 |  34.7
            +---------+---------+-------+---------+---------+-------
        D:1 |      14 |       0 |   0.0 |       8 |       0 |   0.0
        D:2 |      35 |      56 |  61.5 |      13 |      11 |  45.8
        D:3 |     112 |     612 |  84.5 |      17 |      14 |  45.2
        D:4 |     230 |       0 |   0.0 |       9 |       0 |   0.0
            +---------+---------+-------+---------+---------+-------
